 Dungeon Crawl Stone Soup version 0.30-a0-224-ge52a3cb02f (webtiles) character file.

Game seed: 17719897437810601941

619 qw the Chopper (level 7, 0/44 HPs)
             Began as a Gargoyle Fighter on Oct 9, 2022.
             Slain by a gnoll
             ... wielding a +0 halberd
              (4 damage)
             ... on level 4 of the Dungeon.
             The game lasted 00:01:17 (3811 turns).

qw the Chopper (Gargoyle Fighter)                   Turns: 3811, Time: 00:01:18

Health: 0/44       AC: 12    Str: 22    XL:     7   Next: 46%
Magic:  7/7        EV:  9    Int:  8    God:
Gold:   220        SH:  4    Dex:  9    Spells: 6/6 levels left

rFire   . . .      SeeInvis +    Y - +3 broad axe (elec)
rCold   . . .      Faith    .    c - +0 buckler
rNeg    + . .      Spirit   .    b - +0 scale mail
rPois   inf        Reflect  .    (no helmet)
rElec   +          Harm     .    e - +0 cloak
rCorr   .          Rampage  .    (no gloves)
Will    .....                    (no boots)
Stlth   ..........               (no amulet)
HPRegen 0.27/turn                h - ring of see invisible
MPRegen 0.10/turn                (no ring)

@: no status effects
A: sickness immunity, AC +4, negative energy resistance 1, electricity
resistance, torment resistance 1, petrification resistance
a: no special abilities


You were on level 4 of the Dungeon.
You visited 1 branch of the dungeon, and saw 4 of its levels.

You collected 220 gold pieces.


Innate Abilities, Weirdness & Mutations

You are immune to sickness and miasma.
Your stone body is resilient. (AC +4)
You are immune to poison.
You resist negative energy. (rN+)
You are resistant to electric shocks. (rElec)
You are resistant to unholy torment.
You are immune to petrification.


   Skills:
 - Level 4.8 Fighting
 - Level 6.0 Axes
 + Level 1.9 Throwing
 - Level 3.2 Armour
 - Level 1.3 Dodging
 - Level 3.2 Shields


You had 6 spell levels left.
You didn't know any spells.
Your spell library was empty.

Inventory:

Hand Weapons
 k - a +2 flail of protection
 Y - a +3 broad axe of electrocution (weapon)
Missiles
 j - 3 silver javelins (quivered)
Armour
 a - a +0 chain mail
 b - a +0 scale mail (worn)
 c - a +0 buckler (worn)
 e - a +0 cloak (worn)
Jewellery
 h - a ring of see invisible (left hand)
Scrolls
 o - 2 scrolls of identify
Potions
 d - a potion of might
 f - a potion of degeneration {unknown}
 g - a potion of cancellation {unknown}
 i - a potion of invisibility {unknown}
 l - a potion of curing {unknown}
 m - a potion of mutation {unknown}

Dungeon Overview and Level Annotations

Branches:
Dungeon (4/15)
 Temple: D:4-7

Altars:

Shops:
D:1 =!   D:2 (


Message History

The gnoll hits you with a +0 spear.
The gnoll hits you from afar with a +0 halberd!
You block the gnoll's attack.
The gnoll hits you but does no damage. x2
The gnoll barely misses you. You block the gnoll's attack.
You barely miss the gnoll. You closely miss the gnoll. You slash the gnoll!
The gnoll hits you with a +0 flail. You block the gnoll's attack.
The gnoll barely misses you. The gnoll hits you with a +0 spear.
You closely miss the gnoll.
The gnoll is severely wounded.
You slash the gnoll! You barely miss the gnoll.
The gnoll hits you with a +0 flail. The gnoll barely misses you.
The gnoll closely misses you. The gnoll barely misses you.
You slash the gnoll!
You kill the gnoll!
You barely miss the gnoll. x2
You block the gnoll's attack.
The gnoll hits you from afar with a +0 halberd.
The gnoll hits you with a +0 halberd. The kobold hits you but does no damage.
The gnoll hits you but does no damage. The gnoll barely misses you. x2
You hit the gnoll. Lightning courses through the gnoll!
You kill the gnoll!
You slash the gnoll! Lightning courses through the gnoll!!
You kill the gnoll!
You hit the kobold. The gnoll barely misses you. You block the kobold's attack.
You closely miss the kobold.
The kobold is heavily wounded.
The gnoll barely misses you. The kobold completely misses you.
You barely miss the kobold.
The kobold is moderately wounded.
The gnoll hits you from afar with a +0 halberd.
The kobold hits you but does no damage. You block the kobold's attack.
The gnoll misses you.
You barely miss the kobold.
The kobold is moderately wounded.
The gnoll hits you but does no damage. The kobold barely misses you.
You hit the kobold.
The kobold is heavily wounded.
The gnoll hits you from afar with a +0 halberd.
You die...

####################
...........#)......#
.....(.....()......#
...........#########
########..........#. .
#..........'.
....########..........#.
#..(..)@.......#########
#.....K).......)..)....#
#.....g........#.......#
########################
~~~~. ~~~~~ ~~~~~ ~..~.
.....


You could see a gnoll and a kobold.

Vanquished Creatures
  Menkaure (D:4)
  Edmund (D:4)
  A water moccasin (D:3)
  An orc priest (D:4)
  Ijyb (D:4)
  An iguana (D:4)
  An orc wizard (D:4)
  2 adders
  5 gnolls
  4 worms
  5 dart slugs
  6 orcs
  8 ball pythons
  5 endoplasms
  7 giant cockroaches
  4 goblins
  9 hobgoblins
  15 kobolds
  2 quokkas
  8 bats
  4 frilled lizards
  5 rats
96 creatures vanquished.

Notes
Turn   | Place    | Note
-------+----------+-------------------------------------------
     0 | D:1      | qw the Gargoyle Fighter began the quest for the Orb.
     0 | D:1      | Reached XP level 1. HP: 14/14 MP: 1/1
     0 | D:1      | 0 ||| qw: Version: 0.2-a-17-g06abaee
     0 | D:1      | 0 ||| qw: Game counter: 2269
     0 | D:1      | 0 ||| qw: Always use a shield: true
     0 | D:1      | 0 ||| qw: God list: Okawaru
     0 | D:1      | 0 ||| qw: Allow faded altars: false
     0 | D:1      | 0 ||| qw: Do Orc after D:15 true
     0 | D:1      | 0 ||| qw: Do second Lair branch before Depths: true
     0 | D:1      | 0 ||| qw: Lair rune preference: random
     0 | D:1      | 0 ||| qw: Plans: Normal, Zot:1-4, God:TSO, Crypt, Tomb,
                  | Pan, Slime:5, Hells, Abyss, Orb
     0 | D:1      | 0 ||| PLANNING D:1-11
    35 | D:1      | Reached skill level 2 in Axes
   213 | D:1      | Reached XP level 2. HP: 19/19 MP: 2/2
   297 | D:1      | 297 ||| Stepping ~*~*~tactically~*~*~ (hiding).
   487 | D:1      | Found Wudaratz's Jewellery Shop.
   493 | D:1      | Reached skill level 3 in Axes
   493 | D:1      | Reached XP level 3. HP: 22/23 MP: 3/3
   499 | D:1      | 499 ||| SHOPLISTING +6 ring of strength (468 gold, have
                  | 24).
   499 | D:1      | 499 ||| SHOPLISTING ring "Keon" {Str+4 Int+6 Dex-4 Slay+6}
                  | (886 gold, have 24).
   499 | D:1      | 499 ||| SHOPLISTING ring of fire (325 gold, have 24).
   499 | D:1      | 499 ||| SHOPLISTING ring of protection from cold (325 gold,
                  | have 24).
   499 | D:1      | 499 ||| SHOPLISTING ring of protection from fire (325 gold,
                  | have 24).
   499 | D:1      | 499 ||| DROPPING +0 club.
   638 | D:1      | Found Kugguger's Distillery.
   643 | D:1      | 643 ||| SHOPLISTING 2 potions of attraction (84 gold, have
                  | 24).
   643 | D:1      | 643 ||| SHOPLISTING 2 potions of curing (84 gold, have 24).
   643 | D:1      | 643 ||| SHOPLISTING potion of attraction (42 gold, have
                  | 24).
   643 | D:1      | 643 ||| SHOPLISTING potion of curing (42 gold, have 24).
   643 | D:1      | 643 ||| SHOPLISTING potion of haste (140 gold, have 24).
   643 | D:1      | 643 ||| SHOPLISTING potion of lignification (42 gold, have
                  | 24).
   651 | D:1      | 651 ||| Stepping ~*~*~tactically~*~*~ (hiding).
  1170 | D:1      | 1170 ||| READING scroll labelled IVVYDDIJUE.
  1171 | D:1      | 1171 ||| READING scroll labelled FYACRO LOR ASKIGIE.
  1272 | D:1      | 1272 ||| READING scroll labelled IVUN DE KAYMO.
  1273 | D:1      | 1273 ||| READING scroll labelled MEUCENOUFFE.
  1274 | D:1      | 1274 ||| READING scroll labelled FAMIMIO CISAD.
  1327 | D:2      | 1327 ||| Stepping ~*~*~tactically~*~*~ (stealth).
  1334 | D:2      | 1334 ||| Stepping ~*~*~tactically~*~*~ (hiding).
  2036 | D:2      | Found Larphuude's Antique Weapon Shop.
  2070 | D:2      | Reached XP level 4. HP: 21/28 MP: 4/4
  2267 | D:2      | 2267 ||| UPGRADING to +0 cloak.
  2272 | D:2      | 2272 ||| UPGRADING to ring of see invisible.
  2273 | D:2      | 2273 ||| DRINKING 2 brown potions.
  2274 | D:2      | 2274 ||| DROPPING potion of flight.
  2295 | D:2      | 2295 ||| READING scroll of enchant weapon.
  2295 | D:2      | 2295 ||| ENCHANTING +1 war axe.
  2399 | D:3      | 2399 ||| Stepping ~*~*~tactically~*~*~ (stealth).
  2864 | D:3      | Reached skill level 1 in Throwing
  3000 | D:3      | 3000 ||| Stepping ~*~*~tactically~*~*~ (stealth).
  3016 | D:3      | Reached skill level 4 in Axes
  3141 | D:3      | Noticed a water moccasin
  3148 | D:3      | Killed a water moccasin
  3149 | D:3      | Reached skill level 5 in Axes
  3149 | D:3      | Reached XP level 5. HP: 27/32 MP: 5/5
  3225 | D:3      | 3225 ||| READING scroll labelled SECOAL BASU.
  3225 | D:3      | Identified a scroll of acquirement
  3225 | D:3      | 3225 ||| ACQUIRING +2 broad axe of electrocution
  3225 | D:3      | Acquired a +2 broad axe of electrocution
  3227 | D:3      | 3227 ||| SWAPPING to +2 broad axe of electrocution.
  3228 | D:3      | 3228 ||| DROPPING +2 war axe.
  3229 | D:3      | 3229 ||| READING scroll labelled TYETRIRPHUQ.
  3257 | D:4      | Noticed Menkaure
  3263 | D:4      | Killed Menkaure
  3264 | D:4      | Reached XP level 6. HP: 22/40 MP: 6/6
  3273 | D:4      | 3273 ||| FLEEEEING.
  3274 | D:4      | 3274 ||| FLEEEEING.
  3275 | D:4      | 3275 ||| STAIRDANCE
  3351 | D:4      | Noticed Ijyb
  3363 | D:4      | Killed Ijyb
  3466 | D:4      | Reached skill level 1 in Dodging
  3466 | D:4      | Noticed Edmund
  3474 | D:4      | Killed Edmund
  3475 | D:4      | Reached XP level 7. HP: 36/44 MP: 7/7
  3507 | D:4      | 3507 ||| DROPPING +0 flail.
  3520 | D:4      | 3520 ||| READING scroll of enchant weapon.
  3520 | D:4      | 3520 ||| ENCHANTING +2 broad axe of electrocution.
  3548 | D:4      | HP: 10/44 [orc priest/divine providence (13)]
  3550 | D:4      | HP: 2/44 [orc wizard/magic dart (6)]
  3555 | D:4      | Reached skill level 6 in Axes
  3804 | D:4      | HP: 11/44 [gnoll/+0 spear (2)]
  3806 | D:4      | HP: 5/44 [gnoll/+0 halberd (4)]
  3811 | D:4      | Slain by a gnoll

Levels and vault maps discovered:
D:1:      amcnicky_arrival_single_pillar, layout_loops_corners, serial_shops,
          shop_statue, nicolae_shop_trees
D:2:      layout_loops_corners, serial_shops, shop
D:3:      minmay_razor_zed, layout_loops_ring, minmay_misc_feat_diagonals,
          grunt_ministairs_8
D:4:      minmay_goblin_kobold_castle, layout_loops_cross,
          minmay_temple_entry_poolview, uniq_ijyb, uniq_edmund, uniq_menkaure

Skill      XL: |  1  2  3  4  5  6  7 |
---------------+----------------------+-----
Axes           | 2 3 5 6 |  6.0
Throwing       | 1 |  1.9
Fighting       | 4 |  4.8
Dodging        | 1 |  1.3
Armour         | |  3.2
Shields        | |  3.2

Action                   |  1- 3 |  4- 6 |  7- 9 || total
-------------------------+-------+-------+-------++-------
Melee: War axe           |   102 |    86 |       ||   188
       Broad axe         |       |    32 |    41 ||    73
Throw: Javelin           |       |    24 |     9 ||    33
  Use: Scroll            |     5 |     3 |     1 ||     9
       Potion            |       |     1 |       ||     1
Armor: Scale mail        |    50 |    66 |    22 ||   138
Dodge: Dodged            |    39 |    71 |    34 ||   144
Block: Buckler           |     9 |    24 |    16 ||    49

Table legend:
 A = Non-vault XP
 B = Vault XP
 C = Vault XP percentage of total XP
 D = Non-vault monster count
 E = Vault monster count
 F = Vault count percentage of total count
                 A         B        C        D         E       F
            +---------+---------+-------+---------+---------+-------
      Total |     435 |     450 |  50.8 |      66 |      30 |  31.2
            +---------+---------+-------+---------+---------+-------
        D:1 |      52 |       0 |   0.0 |      20 |       0 |   0.0
        D:2 |      37 |       0 |   0.0 |      18 |       0 |   0.0
        D:3 |     176 |      36 |  17.0 |      15 |      15 |  50.0
        D:4 |     170 |     414 |  70.9 |      13 |      15 |  53.6
            +---------+---------+-------+---------+---------+-------
